 Dungeon Crawl Stone Soup version 0.23.2-1-ga50397a6bc (webtiles) character file.

Game seed: 16955194602834479043

9644 Revguard the Cleaver (level 11, -72/83 HPs)
             Began as a Demonspawn Gladiator on Apr 16, 2019.
             Was a High Priest of Okawaru.
             Annihilated by a titanic slime creature (80 damage)
             ... on level 12 of the Dungeon.
             The game lasted 00:33:48 (10221 turns).

Revguard the Cleaver (Demonspawn Gladiator)        Turns: 10221, Time: 00:33:49

Health: -72/83     AC: 20    Str: 20    XL:     11   Next: 25%
Magic:  8/15       EV: 22    Int: 11    God:    Okawaru [*****.]
Gold:   610        SH:  0    Dex: 16    Spells: 10/10 levels left

rFire    + . .     SeeInvis .   F - +5 battleaxe
rCold    . . .     Gourm    .   (shield currently unavailable)
rNeg     . . .     Faith    .   s - +3 acid dragon scales
rPois    +         Spirit   .   c - +0 helmet
rElec    .         Reflect  .   G - +1 cloak {rPois}
rCorr    +         Harm     .   e - +0 pair of gloves
MR       .....                  (boots unavailable)
Stlth    +++.......             (no amulet)
HPRegen  0.23/turn              x - +3 ring of evasion
MPRegen  0.14/turn              y - ring of protection from fire

@: mighty, heroism, finesse
A: talons 3, molten scales 2, clever 1, powered by pain 2, weak 1
a: Heroism, Finesse, Renounce Religion


You were on level 12 of the Dungeon.
You worshipped Okawaru.
Okawaru was extremely pleased with you.
You were very hungry.

You visited 2 branches of the dungeon, and saw 13 of its levels.

You collected 610 gold pieces.

Inventory:

Hand Weapons
 i - a +3 morningstar of freezing
 F - a +5 battleaxe (weapon)
Missiles
 d - 3 throwing nets (quivered)
Armour
 c - a +0 helmet (worn)
 e - a +0 pair of gloves (worn)
 s - +3 acid dragon scales (worn)
 G - a +1 cloak of poison resistance (worn)
Jewellery
 a - an uncursed ring of ice
 r - an uncursed ring of protection from cold
 x - a +3 ring of evasion (left hand)
 y - a ring of protection from fire (right hand)
 B - an uncursed ring of stealth
 E - an uncursed ring of protection from cold
Wands
 l - a wand of digging (15)
 t - a wand of polymorph (3)
 z - a wand of iceblast (8)
 A - a wand of disintegration (14)
 C - a wand of random effects (16)
Scrolls
 b - a scroll of immolation
 g - 3 scrolls of remove curse
 k - 6 scrolls of magic mapping
 m - 5 scrolls of teleportation
 n - 3 scrolls of identify
 p - 2 scrolls of amnesia
 u - 2 scrolls of noise
 w - 2 scrolls of blinking
 D - 2 scrolls of fear
 J - a scroll of random uselessness {unknown}
Potions
 h - 5 potions of brilliance
 j - a potion of berserk rage
 o - 4 potions of haste
 v - 2 potions of might
 I - a potion of lignification
Miscellaneous
 q - a lamp of fire
 H - a box of beasts
Comestibles
 f - 30 rations


   Skills:
 + Level 6.7(11.7) Fighting
 + Level 11.2(16.2) Axes
 - Level 1.7(6.7) Throwing
 + Level 6.5(11.5) Armour
 + Level 5.8(10.8) Dodging
 + Level 5.3 Invocations
 * Level 5.3 Evocations


You had 10 spell levels left.
You didn't know any spells.
Your spell library contained the following spells:

 Spells                   Type           Power        Failure   Level  Hunger
 Corona                   Hex            #......      41%         1    ##.....
 Slow                     Hex            #.......     54%         2    ###....
 Inner Flame              Hex/Fire       #.......     78%         3    ####...
 Portal Projectile        Hex/Tloc       #.....       78%         3    ####...
 Cause Fear               Hex            #.........   99%         4    #####..
 Leda's Liquefaction      Hex/Erth       #.........   99%         4    #####..


Dungeon Overview and Level Annotations

Branches:
Dungeon (12/15)            Temple (1/1) D:5            Lair (0/6) D:11
    Orc (0/2) D:9

Altars:
Ashenzari
Cheibriados
Dithmenos
Elyvilon
Fedhas
Gozag
Hepliaklqana
Kikubaaqudgha
Makhleb
Nemelex Xobeh
Okawaru
Qazlal
Ru
Sif Muna
Trog
Uskayaw
Vehumet
Wu Jian
Xom
Yredelemnul
Zin
The Shining One

Shops:
D:9 [


Innate Abilities, Weirdness & Mutations

You have claws for feet.
You are mostly covered in molten scales. (AC +3)
You sometimes gain power by taking damage.
Your mind is acute. (Int +2)
You are weak. (Str -2)


Message History

You slash the titanic slime creature!
The titanic slime creature is moderately wounded.
You hit the titanic slime creature. You claw the titanic slime creature.
The titanic slime creature is moderately wounded.
The titanic slime creature completely misses you.
You slash the titanic slime creature!
The titanic slime creature is moderately wounded.
You slice the titanic slime creature!! You claw the titanic slime creature.
The titanic slime creature is heavily wounded.
You slash the titanic slime creature!
The titanic slime creature is heavily wounded.
The titanic slime creature hits you!!!
Ouch! That really hurt!
* * * LOW HITPOINT WARNING * * *
You focus on the pain.
You feel very mighty all of a sudden.
You feel mightier all of a sudden. The titanic slime creature hits you!!!!
Ouch! That really hurt!
You die...

##### #...# +...+
#...#
##############...#
.................#
##.......####....#
##+## ......)..#
#.#####......
.........#
#...@JW......
.........#
#..####......
..#.........##.#
..?..
..#.........##.#
....
###.........##.#
...
............##..
..
.##.........##.. .
.##......... ...
.##[........


You could see a titanic slime creature and a hungry ghost.

Vanquished Creatures
  Fannar (D:11)
  A hydra (D:11)
  A cyclops (D:12)
  A gargoyle (D:10)
  A hippogriff (D:11)
  13 yaks
  2 hungry ghosts
  A human (D:10)
  A hog (D:10)
  Menkaure (D:6)
  2 acid dragons
  4 water moccasins
  2 orc warriors
  4 sky beasts
  3 black bears
  4 ice beasts
  A necrophage (D:11)
  A phantom (D:9)
  4 ogres
  2 centaurs
  3 big kobolds
  A bullfrog (D:7)
  A wyvern zombie (D:10)
  4 scorpions
  6 wights
  5 howler monkeys
  A bullfrog zombie (D:6)
  2 crimson imps
  2 centaur zombies
  2 quasits
  5 hounds
  2 centaur skeletons
  2 orc priests
  2 jellies
  2 orc wizards
  2 bullfrog skeletons
  4 iguanas
  6 worker ants
  2 worker ant zombies
  3 gnolls (D:6)
  13 adders
  4 shadow imps
  An ooze (D:5)
  An adder zombie (D:9)
  3 worms
  5 leopard geckos
  11 orcs
  A giant cockroach (D:1)
  6 goblins
  15 hobgoblins
  15 jackals
  2 quokkas
  2 ball pythons
  6 bats
  4 frilled lizards
  14 kobolds
  A leopard gecko skeleton (D:5)
  6 rats
  2 fungi (D:11)
  A plant (D:11)
220 creatures vanquished.

Vanquished Creatures (others)
  2 fungi (D:11)
2 creatures vanquished.

Grand Total: 222 creatures vanquished

Notes
Turn   | Place    | Note
-------+----------+-------------------------------------------
     0 | D:1      | Revguard the Demonspawn Gladiator began the quest for the
                  | Orb.
     0 | D:1      | Reached XP level 1. HP: 16/16 MP: 1/1
   167 | D:1      | Gained mutation: You have sharp toenails. [demonic
                  | ancestry]
   167 | D:1      | Reached XP level 2. HP: 18/22 MP: 2/2
   357 | D:1      | Reached skill level 3 in Axes
   796 | D:2      | Reached skill level 1 in Armour
   796 | D:2      | Gained mutation: You are partially covered in molten
                  | scales. (AC +2) [demonic ancestry]
   796 | D:2      | Reached XP level 3. HP: 11/27 MP: 3/3
  1319 | D:2      | Found an ornate altar of the Wu Jian Council.
  1944 | D:3      | Reached XP level 4. HP: 32/34 MP: 4/4
  3000 | D:4      | Reached skill level 4 in Axes
  3000 | D:4      | Gained mutation: You have razor-sharp toenails. [demonic
                  | ancestry]
  3000 | D:4      | Reached XP level 5. HP: 30/39 MP: 5/5
  3134 | D:4      | Noticed an ogre
  3141 | D:4      | Killed an ogre
  3141 | D:4      | Reached skill level 5 in Axes
  3141 | D:4      | Gained mutation: You sometimes gain a little power by
                  | taking damage. [demonic ancestry]
  3141 | D:4      | Reached XP level 6. HP: 27/47 MP: 6/6
  3722 | D:5      | Entered Level 5 of the Dungeon
  3769 | D:5      | Gained mutation: You sometimes gain power by taking damage.
                  | [demonic ancestry]
  3769 | D:5      | Reached XP level 7. HP: 26/52 MP: 7/7
  4090 | D:5      | Found a staircase to the Ecumenical Temple.
  4110 | Temple   | Entered the Ecumenical Temple
  4190 | Temple   | Became a worshipper of Warmaster Okawaru
  4309 | D:5      | Found a hazy altar of Hepliaklqana.
  4454 | D:5      | Reached skill level 1 in Invocations
  4739 | D:6      | Reached skill level 6 in Axes
  4932 | D:6      | Noticed Menkaure
  4943 | D:6      | Killed Menkaure
  4943 | D:6      | Reached XP level 8. HP: 36/60 MP: 9/9
  5008 | D:6      | Found a white marble altar of Elyvilon.
  5492 | D:6      | Found a bloodstained altar of Trog.
  5499 | D:6      | Reached * piety under Okawaru
  5499 | D:6      | Reached skill level 5 in Armour
  6221 | D:8      | Reached skill level 7 in Axes
  6355 | D:8      | Reached ** piety under Okawaru
  6426 | D:8      | Reached XP level 9. HP: 42/66 MP: 12/12
  7455 | D:9      | Found Cahuir's Armour Shoppe.
  7457 | D:9      | Found a staircase to the Orcish Mines.
  7534 | D:9      | Noticed Maurice
  7536 | D:9      | Noticed Maurice
  7544 | D:9      | Killed Maurice the big kobold
  7579 | D:9      | Reached skill level 5 in Invocations
  7696 | D:9      | Reached skill level 8 in Axes
  7716 | D:9      | Reached skill level 1 in Evocations
  7751 | D:9      | Found a deep blue altar of Sif Muna.
  7752 | D:9      | Found a shadowy altar of Dithmenos.
  7754 | D:9      | Found a snail-covered altar of Cheibriados.
  7754 | D:9      | Found a sparkling altar of Nemelex Xobeh.
  7755 | D:9      | Found a hide-covered altar of Uskayaw.
  8237 | D:10     | Entered Level 10 of the Dungeon
  8390 | D:10     | Reached *** piety under Okawaru
  8395 | D:10     | Reached skill level 5 in Fighting
  8468 | D:10     | Gained mutation: You are weak. (Str -2) [potion of
                  | mutation]
  8468 | D:10     | Gained mutation: Your mind is acute. (Int +2) [potion of
                  | mutation]
  8589 | D:10     | Noticed a gargoyle
  8597 | D:10     | Reached skill level 5 in Dodging
  8598 | D:10     | Reached skill level 9 in Axes
  8598 | D:10     | Gained mutation: You are mostly covered in molten scales.
                  | (AC +3) [demonic ancestry]
  8598 | D:10     | Reached XP level 10. HP: 53/74 MP: 10/13
  8601 | D:10     | Killed a gargoyle
  8601 | D:10     | Reached **** piety under Okawaru
  9018 | D:11     | Found an iron altar of Okawaru.
  9022 | D:11     | Reached skill level 10 in Axes
  9049 | D:11     | Reached ***** piety under Okawaru
  9055 | D:11     | Received a gift from Okawaru
  9142 | D:11     | Found a staircase to the Lair.
  9468 | D:11     | Noticed Fannar
  9486 | D:11     | Killed Fannar
  9486 | D:11     | Reached skill level 5 in Evocations
  9486 | D:11     | Gained mutation: You have claws for feet. [demonic
                  | ancestry]
  9486 | D:11     | Reached XP level 11. HP: 44/83 MP: 6/14
  9900 | D:11     | Noticed a six-headed hydra
  9912 | D:11     | Reached skill level 11 in Axes
  9914 | D:11     | Killed a seven-headed hydra
 10184 | D:12     | Received a gift from Okawaru
 10221 | D:12     | Annihilated by a titanic slime creature

Skill      XL: |  1  2  3  4  5  6  7  8  9 10 11 |
---------------+----------------------------------+-----
Axes           | 3 4 5 6 7 9 10 11 | 11.2
Dodging        | 3 4 5 |  5.8
Armour         | 1 2 3 4 5 6 |  6.5
Fighting       | 3 4 5 6 |  6.7
Invocations    | 2 4 5 |  5.3
Evocations     | 2 5 |  5.3
Throwing       | |  1.7

Action                   |  1- 3 |  4- 6 |  7- 9 | 10-12 || total
-------------------------+-------+-------+-------+-------++-------
Melee: War axe           |    92 |   129 |   221 |       ||   442
       Kick              |    10 |    31 |    96 |    59 ||   196
       Battleaxe         |       |       |   123 |   153 ||   276
       Morningstar       |       |       |       |     6 ||     6
Invok: Heroism           |       |       |     2 |     3 ||     5
       Finesse           |       |       |       |     3 ||     3
Evoke: Wand              |       |       |     2 |       ||     2
  Use: Potion            |     4 |     4 |     5 |     2 ||    15
       Scroll            |       |       |    18 |     2 ||    20
  Eat: Chunk             |     3 |     4 |    14 |     7 ||    28
       Ration            |       |       |     1 |       ||     1
Armor: Leather armour    |    34 |    39 |       |       ||    73
       Scale mail        |       |    45 |   177 |       ||   222
       Acid dragon scale |       |       |    47 |    84 ||   131
       Skin              |       |       |     1 |       ||     1
Dodge: Dodged            |    74 |   110 |   369 |   208 ||   761
